 Dungeon Crawl Stone Soup version 0.17.0-28-g6e173f8 (webtiles) character file.

1218 4thArraOfDagon the Cleaver (level 8, -6/71 HPs)
             Began as a Minotaur Berserker on Nov 23, 2015.
             Was a Believer of Trog.
             Engulfed by a steam dragon's steam (9 damage)
             ... on level 9 of the Dungeon.
             The game lasted 00:07:24 (1341 turns).

4thArraOfDagon the Cleaver (Minotaur Berserker)     Turns: 1341, Time: 00:07:24

Health: -6/71      AC: 14    Str: 22    XL:     8   Next: 22%
Magic:  7/7        EV:  2    Int:  6    God:    Trog [**....]
Gold:   165        SH:  0    Dex: 14    Spells: 0 memorised, 7 levels left

rFire  . . .     SeeInvis +     a - +0 hand axe
rCold  + . .     Clarity  .     f - +0 plate armour
rNeg   . . .     SustAt   .     (no shield)
rPois  .         Gourm    .     (helmet restricted)
rElec  .         Spirit   .     (no cloak)
rCorr  .         Warding  .     r - +0 pair of gloves (curse)
rMut   .         Stasis   .     (no boots)
MR     .....                    (no amulet)
Stlth  ..........               p - ring of protection from cold
                                e - +4 ring of dexterity

@: exhausted, slowed, very slow, not resistant to hostile enchantments,
extremely unstealthy
A: retaliatory headbutt, horns 2, see invisible
a: Berserk, Trog's Hand, Burn Spellbooks, Renounce Religion


You were on level 9 of the Dungeon.
You worshipped Trog.
Trog was pleased with you.
You were not hungry.

You visited 1 branch of the dungeon, and saw 9 of its levels.

You collected 165 gold pieces.

Inventory:

Hand Weapons
 a - a +0 hand axe (weapon)
Armour
 f - a +0 plate armour (worn)
 r - a cursed +0 pair of gloves (worn)
Jewellery
 e - a +4 ring of dexterity (left hand)
 p - a ring of protection from cold (right hand)
 u - an uncursed ring of fire
Wands
 i - a wand of fireball (4)
 q - a wand of polymorph (0)
 t - a wand of teleportation (1)
Scrolls
 j - 2 scrolls of remove curse {unknown}
 l - a scroll of enchant weapon {unknown}
 n - a scroll of enchant armour {unknown}
 o - a scroll of blinking {unknown}
 s - a scroll of immolation
Potions
 g - a potion of agility
 m - a potion of flight
 v - a potion of might
Comestibles
 b - 3 meat rations
 c - 4 bread rations
 d - a beef jerky


   Skills:
 + Level 6.8 Fighting
 * Level 9.2 Axes
 + Level 6.3 Armour
 - Level 2.1 Dodging


You had 7 spell levels left.
You didn't know any spells.

Dungeon Overview and Level Annotations

Branches:
Dungeon (9/15)             Temple (0/1) D:7
   Lair: D:8-11         Orc: D:9-12

Altars:
Gozag
Trog
Vehumet

Annotations:
D:8 Alethiolet's ghost, novice DrWn; Erica


Innate Abilities, Weirdness & Mutations

You reflexively headbutt those who attack you in melee.
You have a pair of horns on your head.
You have supernaturally acute eyesight.


Message History

You are exhausted.
You feel yourself slow down.
You are feeling hungry.
You open the door.
Unknown command.
There is a stone staircase leading down here.
Unknown command.
Eat a chunk of flesh? (ye/n/q/i?) This raw flesh tastes terrible.
You continue eating. x2
A wyvern and a steam dragon come into view.
Unknown command.
Unknown command.
The steam dragon breathes steam at you. The ball of steam hits you!
* * * LOW HITPOINT WARNING * * *
There is a stone staircase leading down here.
Unknown command.
You are engulfed in a cloud of scalding steam.
You die...

#.........# #.........# ...
#.........# ..#
#.........######## ...+
#................. ....#
#......###'##########....#
#......#.)........(......#
#......#.................#
.......#........@ยงยง......#
.......#..#####'###.......
#### #.. .... ...D... ....
....... .......
.....#.......#....... ....
#.......#.......
#########....... .......


There were no monsters in sight!

Vanquished Creatures
  Pikel (D:7)
  A gargoyle (D:9)
  A slave (D:7)
  A black bear (D:9)
  2 ogres
  A crimson imp (D:9)
  A centaur skeleton (D:3)
  A jelly (D:9)
  2 orc wizards (D:9)
  6 adders
  A shadow imp (D:8)
  A giant gecko (D:8)
  3 orcs
  3 goblins
  A hobgoblin (D:2)
  3 quokkas
  4 bats
  4 giant cockroaches
  3 giant newts
  4 jackals (D:2)
  3 kobolds
  3 rats
50 creatures vanquished.

Vanquished Creatures (others)
  An orc wizard (D:7)
  An orc (D:7)
2 creatures vanquished.

Grand Total: 52 creatures vanquished

Notes
Turn   | Place    | Note
--------------------------------------------------------------
     0 | D:1      | 4thArraOfDagon the Minotaur Berserker began the quest for the Orb.
     0 | D:1      | Reached XP level 1. HP: 19/19 MP: 0/0
   183 | D:2      | Reached skill level 4 in Axes
   183 | D:2      | Reached XP level 2. HP: 27/27 MP: 1/1
   244 | D:2      | Reached XP level 3. HP: 17/33 MP: 2/2
   369 | D:2      | Reached ** piety under Trog
   373 | D:3      | Noticed an ogre
   380 | D:3      | Killed an ogre
   380 | D:3      | Reached skill level 5 in Axes
   380 | D:3      | Reached XP level 4. HP: 22/41 MP: 3/3
   381 | D:3      | Reached XP level 5. HP: 19/47 MP: 4/4
   424 | D:3      | Found a radiant altar of Vehumet.
   464 | D:3      | Found a bloodstained altar of Trog.
   465 | D:3      | Noticed a wizard
   674 | D:5      | Entered Level 5 of the Dungeon
   746 | D:7      | Found a staircase to the Ecumenical Temple.
   820 | D:7      | Noticed a slave
   821 | D:7      | Noticed Pikel
   822 | D:7      | Noticed a slave
   822 | D:7      | Noticed a slave
   823 | D:7      | Noticed a slave
   828 | D:7      | Killed a slave
   835 | D:7      | Killed Pikel
   835 | D:7      | Reached skill level 5 in Fighting
   835 | D:7      | Reached skill level 7 in Axes
   835 | D:7      | Reached skill level 5 in Armour
   835 | D:7      | Reached XP level 6. HP: 57/57 MP: 5/5
   835 | D:7      | Reached XP level 7. HP: 62/62 MP: 6/6
   907 | D:8      | Noticed Alethiolet's ghost (novice DrWn)
   987 | D:7      | Noticed a hippogriff
  1004 | D:7      | Found an opulent altar of Gozag.
  1063 | D:8      | Gained mutation: You are frail (-10% HP). [potion of mutation]
  1063 | D:8      | Lost mutation: You are frail (-10% HP). [potion of mutation]
  1063 | D:8      | Gained mutation: You have supernaturally acute eyesight. [potion of mutation]
  1089 | D:8      | Noticed Erica
  1199 | D:9      | Reached skill level 8 in Axes
  1317 | D:9      | Noticed a gargoyle
  1326 | D:9      | Killed a gargoyle
  1326 | D:9      | Reached skill level 9 in Axes
  1326 | D:9      | Reached XP level 8. HP: 7/71 MP: 7/7
  1338 | D:9      | Noticed a wyvern
  1340 | D:9      | HP: 3/71 [something/ball of steam (6)]
  1341 | D:9      | Engulfed by a steam dragon's steam

Action                   |  1- 3 |  4- 6 |  7- 9 || total
-------------------------+-------+-------+-------++-------
Melee: Hand axe          |    29 |    31 |    62 ||   122
Invok: Berserk           |     4 |     1 |     4 ||     9
       Trog's Hand       |       |       |     5 ||     5
Evoke: Wand              |       |       |     5 ||     5
  Use: Potion            |       |       |     7 ||     7
       Scroll            |       |       |     4 ||     4
  Eat: Chunk             |     1 |     2 |     6 ||     9
       Fruit             |       |     1 |     3 ||     4
